 Dungeon Crawl Stone Soup version 0.29-a0-1023-g6ae1a4a2c7 (webtiles) character file.

Game seed: 5177532974815066540

475 nickcage the Spear-Bearer (level 7, -5/50 HPs)
             Began as a Merfolk Gladiator on Aug 11, 2022.
             Slain by a gnoll sergeant
             ... wielding a +4 spear of venom
              (7 damage)
             ... on level 4 of the Dungeon.
             The game lasted 00:09:33 (4884 turns).

nickcage the Spear-Bearer (Merfolk Gladiator)       Turns: 4884, Time: 00:09:33

Health: -5/50      AC:  7    Str: 16    XL:     7   Next: 10%
Magic:  7/7        EV: 10    Int:  8    God:
Gold:   229        SH:  3    Dex: 15    Spells: 6/6 levels left

rFire   . . .      SeeInvis .   a - +0 trident
rCold   . . .      Faith    .   k - +0 buckler
rNeg    . . .      Spirit   .   l - +0 scale mail
rPois   .          Reflect  .   c - +0 helmet
rElec   .          Harm     .   (no cloak)
rCorr   .          Rampage  .   (no gloves)
Will    .....                   (no boots)
Stlth   ..........              (no amulet)
HPRegen 0.16/turn               (no ring)
MPRegen 0.10/turn               (no ring)

@: no status effects
A: (nimble swimmer 2), mertail
a: no special abilities


You were on level 4 of the Dungeon.
You visited 1 branch of the dungeon, and saw 4 of its levels.

You collected 229 gold pieces.

Inventory:

Hand Weapons
 a - a +0 trident (weapon)
 f - the +8 whip of Drought {speed, Contam Int+3 Dex+2}
   (You took it off a hobgoblin on level 3 of the Dungeon)

   Attacks with this weapon are significantly faster.
   Int:       It affects your intelligence (+3).
   Dex:       It affects your dexterity (+2).
   Contam:    It causes magical contamination when unequipped.
 s - a +0 halberd
Missiles
 d - 3 throwing nets
 e - a javelin
 u - 5 poisoned darts (quivered)
Armour
 b - a +0 leather armour
 c - a +0 helmet (worn)
 j - a +0 ring mail
 k - a +0 buckler (worn)
 l - a +0 scale mail (worn)
Scrolls
 p - 2 scrolls of identify
 q - a scroll of torment {unknown}
 r - a scroll of teleportation {unknown}
 t - 2 scrolls of enchant weapon {unknown}
Potions
 g - 2 potions of might
 h - 2 potions of mutation
 i - 4 potions of heal wounds
 m - 2 potions of haste {unknown}
 n - a potion of curing
 o - 3 potions of lignification


   Skills:
 - Level 2.1 Fighting
 + Level 10.2 Polearms
 - Level 2.0 Throwing
 - Level 4.0 Dodging


You had 6 spell levels left.
You didn't know any spells.
Your spell library contained the following spells:

 Spells                   Type           Power      Damage    Failure   Level
 Stone Arrow              Conj/Erth      0%         3d7       100%        3
 Animate Armour           Summ/Erth      0%         N/A       100%        4
 Lehudib's Crystal Spear  Conj/Erth      0%         10d2      100%        8


Dungeon Overview and Level Annotations

Branches:
Dungeon (4/15)
 Temple: D:4-7

Altars:
Fedhas


Innate Abilities, Weirdness & Mutations

((You are very nimble when in or above water. (Stealth+, EV+, Speed+++)))
Your lower body shifts to a powerful aquatic tail in water.


Message History

You reach to attack!
You hit the gnoll sergeant but do no damage.
You feel very sick.
The gnoll sergeant hits you from afar with a +4 spear of venom!
You reach to attack!
You puncture the gnoll sergeant!
The gnoll sergeant is heavily wounded.
You feel very sick.
The gnoll sergeant hits you from afar with a +4 spear of venom!
* * * LOW HITPOINT WARNING * * *
You are too injured to fight recklessly!
Reach: a) +0 trident
Press: ? - help, Dir - move target, f/p - gnoll sergeant
Aim: a gnoll sergeant, wielding a +4 spear of venom and wearing a +0 ring mail (heavily wounded, about 29% to evade your +0 trident)
You reach to attack!
You hit the gnoll sergeant but do no damage.
The gnoll sergeant is heavily wounded.
* * * LOW HITPOINT WARNING * * *
You feel very sick.
Reach: a) +0 trident
Press: ? - help, Dir - move target, f/p - gnoll sergeant
Aim: a gnoll sergeant, wielding a +4 spear of venom and wearing a +0 ring mail (heavily wounded, about 29% to evade your +0 trident)
You reach to attack!
You hit the gnoll sergeant.
The gnoll sergeant is heavily wounded.
* * * LOW HITPOINT WARNING * * *
You feel sick.
The gnoll sergeant hits you from afar with a +4 spear of venom.
* * * LOW HITPOINT WARNING * * *
You are more poisoned.
Unknown command.
You feel better.
The gnoll sergeant hits you from afar with a +4 spear of venom!
* * * LOW HITPOINT WARNING * * *
Reach: a) +0 trident
Press: ? - help, Dir - move target, f/p - gnoll sergeant
Aim: a gnoll sergeant, wielding a +4 spear of venom and wearing a +0 ring mail (heavily wounded, about 29% to evade your +0 trident)
You reach to attack!
You hit the gnoll sergeant but do no damage.
The gnoll sergeant is heavily wounded.
The gnoll sergeant hits you from afar with a +4 spear of venom!
You die...

### ######.#
.......# ######.#
..# #.# #########
#.# #.# ...ggg<.#
..# #.# #@#
..####.# #.#
.......# #.#
#......# #.#
.......# #)#
.......# #.#
.....#.# #.#
.##..#.#########.#
..#..............#


You could see a gnoll sergeant and 2 gnolls.

Vanquished Creatures
  An ogre (D:3)
  A necrophage (D:4)
  A hound (D:4)
  2 iguanas (D:4)
  5 gnolls (D:4)
  7 adders
  An ufetubus (D:4)
  4 worms
  3 dart slugs
  5 orcs (D:4)
  13 ball pythons
  7 endoplasms
  6 giant cockroaches
  9 goblins
  5 hobgoblins
  11 jackals
  5 quokkas
  4 bats
  2 frilled lizards
  10 kobolds
  7 rats
109 creatures vanquished.

Notes
Turn   | Place    | Note
-------+----------+-------------------------------------------
     0 | D:1      | nickcage the Merfolk Gladiator began the quest for the Orb.
     0 | D:1      | Reached XP level 1. HP: 16/16 MP: 1/1
   100 | D:1      | Reached XP level 2. HP: 22/22 MP: 2/2
   252 | D:1      | Reached skill level 5 in Polearms
   394 | D:1      | Reached XP level 3. HP: 24/27 MP: 3/3
  1071 | D:2      | Reached skill level 6 in Polearms
  1161 | D:2      | Reached XP level 4. HP: 32/33 MP: 4/4
  1507 | D:3      | Found a blossoming altar of Fedhas.
  1694 | D:3      | Identified the +8 whip of Drought {speed, Contam Int+3
                  | Dex+2}
  1980 | D:3      | Reached skill level 7 in Polearms
  2466 | D:3      | Noticed an ogre
  2472 | D:3      | Killed an ogre
  2473 | D:3      | Reached skill level 8 in Polearms
  2473 | D:3      | Reached XP level 5. HP: 8/38 MP: 5/5
  3200 | D:4      | Reached skill level 9 in Polearms
  3200 | D:4      | Reached XP level 6. HP: 38/44 MP: 6/6
  4386 | D:4      | Reached skill level 10 in Polearms
  4394 | D:4      | Reached XP level 7. HP: 36/50 MP: 7/7
  4883 | D:4      | HP: 2/50 [gnoll sergeant/+4 spear of venom (12)]
  4884 | D:4      | Slain by a gnoll sergeant

Illustrated notes

Levels and vault maps discovered:
D:1:      elethiomel_arrival_infinity_welcomes_careful_drivers, layout_rooms,
          minmay_small_reverse_x
D:2:      wad_crossroads, layout_rooms
D:3:      kb_forest_paths, layout_basic, mainiacjoe_overflow_surrounded_room
D:4:      minmay_octagon_keep, layout_basic

Skill      XL: |  1  2  3  4  5  6 |
---------------+-------------------+-----
Polearms       | 5 6 8 9 10 | 10.2
Fighting       | |  2.1
Throwing       | |  2.0
Dodging        | |  4.0

Action                   |  1- 3 |  4- 6 |  7- 9 || total
-------------------------+-------+-------+-------++-------
Melee: Trident           |   113 |   278 |    32 ||   423
Throw: Javelin           |       |     2 |       ||     2
       Dart              |       |     1 |       ||     1
  Use: Scroll            |     5 |     1 |       ||     6
       Potion            |       |     1 |     1 ||     2
Armor: Leather armour    |    14 |       |       ||    14
       Scale mail        |     4 |    81 |     3 ||    88
       Ring mail         |     1 |       |       ||     1
Dodge: Dodged            |    66 |   114 |    10 ||   190
Block: Buckler           |     4 |    38 |     2 ||    44

Table legend: (Time is in decaauts)
 A = Elapsed time spent in this place.
 B = Non-inter-level travel time spent in this place.
 C = Inter-level travel time spent in this place.
 D = Time resting spent in this place.
 E = Time spent auto-exploring this place.
 F = Levels seen in this place.
 G = Mean time per level.
                   A        B        C        D        E       F      G
               +--------+--------+--------+--------+--------+-----+--------+
         Total |   4868 |   4746 |    122 |    975 |   3066 |   4 | 1217.0 |
       Dungeon |   4868 |   4746 |    122 |    975 |   3066 |   4 | 1217.0 |
               +--------+--------+--------+--------+--------+-----+--------+

Top non-repeatable levels by time:
     D:4: 1838 daAuts
     D:3: 1599 daAuts
     D:1: 888 daAuts
     D:2: 541 daAuts
